 Dungeon Crawl Stone Soup version 0.30.0 (webtiles) character file.

Game seed: 12439669278871828388

4347 jimonade the Cruncher (level 10, -2/76 (79) HPs)
             Began as a Formicid Fighter on May 6, 2023.
             Was a Follower of Wu Jian.
             Succumbed to a gnoll sergeant's poison
             ... on level 8 of the Dungeon.
             The game lasted 00:24:49 (8502 turns).

jimonade the Cruncher (Formicid Fighter)            Turns: 8502, Time: 00:24:49

HP:   -2/76 (79)    AC: 17    Str: 24    XL:     10   Next: 59%
MP:   5/10          EV:  9    Int:  9    God:    Wu Jian [*.....]
Gold: 472           SH:  6    Dex: 13    Spells: 9/9 levels left

rFire   . . .        a - +0 quarterstaff
rCold   . . .        c - +0 buckler
rNeg    . . .        A - +0 chain mail
rPois   .            (helmet unavailable)
rElec   .            (no cloak)
rCorr   .            t - +1 pair of gloves
SInv    +            (no boots)
Will    ++...        F - amulet of guardian spirit Stlth
                     g - +4 ring of protection
HPRegen 0.32/turn    H - ring of willpower
MPRegen 0.12/turn

%: guardian spirit
@: lethally poisoned (-2 -> -28), lightly drained
A: permanent stasis, dig shafts and tunnels, antennae 3, four strong arms
a: Dig, Shaft Self, Renounce Religion


You were on level 8 of the Dungeon.
You worshipped Wu Jian.
Wu Jian was aware of your devotion.
You visited 2 branches of the dungeon, and saw 9 of its levels.
You also visited: Sewer.

You collected 472 gold pieces.

Inventory:

Hand Weapons
 a - a +0 quarterstaff (weapon)
 b - a +0 shortbow
 h - a +1 whip of flaming
 J - a +0 quarterstaff
Missiles
 m - 14 poisoned darts (quivered)
 y - 71 stones
Armour
 c - a +0 buckler (worn)
 t - a +1 pair of gloves (worn)
 z - a +2 leather armour of fire resistance
 A - a +0 chain mail (worn)
Magical Staves
 s - a staff of earth
 u - a staff of poison
Jewellery
 g - a +4 ring of protection (left hand)
 C - a ring of magical power
 F - an amulet of guardian spirit (around neck)
 H - a ring of willpower (right hand)
Wands
 o - a wand of quicksilver (6)
 v - a wand of charming (9)
 D - a wand of flame (60)
 G - a wand of digging (2)
 K - a wand of polymorph (7)
Scrolls
 f - 5 scrolls of magic mapping {unknown}
 i - 3 scrolls of silence {unknown}
 p - 2 scrolls of enchant weapon {unknown}
 r - a scroll of fear
 B - a scroll of immolation {unknown}
 E - a scroll of vulnerability {unknown}
 L - 3 scrolls of blinking {unknown}
Potions
 d - 3 potions of might
 e - 3 potions of curing
 j - a potion of mutation
 k - 3 potions of heal wounds
 l - a potion of resistance
 n - 3 potions of lignification
 q - a potion of cancellation
 w - a potion of berserk rage {unknown}
 x - 2 potions of magic


   Skills:
 + Level 7.3 Fighting
 + Level 10.0 Staves
 + Level 1.3 Ranged Weapons
 + Level 0.1 Throwing
 + Level 7.8 Armour
 + Level 3.1 Dodging
 + Level 1.6 Stealth
 + Level 7.5 Shields
 + Level 0.8 Unarmed Combat


You had 9 spell levels left.
You didn't know any spells.
Your spell library contained the following spells:

 Spells                   Type           Power      Damage    Failure   Level
 Inner Flame              Hex/Fire       0%         N/A       100%        3
 Flame Wave               Conj/Fire      0%         2d4       100%        4
 Manifold Assault         Tloc           0%         N/A       100%        4
 Sticky Flame             Conj/Fire      0%         2d3       100%        4
 Storm Form               Tmut/Air       0%         N/A       100%        7
 Blink                    Tloc           Unusable   N/A       N/A         2

Dungeon Overview and Level Annotations

Branches:
Dungeon (8/15)             Temple (1/1) D:6           Sewer (visited)
   Lair: D:8-11

Altars:
Ashenzari
Dithmenos
Elyvilon
Fedhas
Gozag
Hepliaklqana
Kikubaaqudgha
Makhleb
Nemelex Xobeh
Okawaru
Qazlal
Ru
Sif Muna
Trog
Uskayaw
Vehumet
Wu Jian
Xom
Zin

Shops:
D:2 (

Annotations:
D:5 2 runed translucent doors, leafyfresh's ghost, weakling GnDe


Innate Abilities, Weirdness & Mutations

You cannot be hasted, slowed, berserked, paralysed or teleported.
You can dig through walls and to a lower floor.
You have a pair of large antennae on your head. (SInv)
Your four strong arms can wield two-handed weapons with a shield.


Message History

Here: a gnoll sergeant, wielding a +0 trident of venom, wearing a +0 ring mail and wearing a +2 kite shield (almost dead)
The floor, spattered with blood.
You spin and attack the gnoll sergeant.
The gnoll sergeant blocks your attack.
The gnoll sergeant is almost dead.
You spin and attack the wight.
You hit the wight.
You destroy the wight!
The Council accepts your kill.
You feel very sick.
The gnoll sergeant hits you but does no damage.
You are more poisoned.
The gnoll throws a throwing net.
The throwing net barely misses you.
You spin and attack the gnoll sergeant.
You barely miss the gnoll sergeant.
The gnoll sergeant is almost dead.
You spin and attack the wight.
You hit the wight.
The wight is heavily damaged.
You feel very sick. The gnoll sergeant barely misses you.
The wight hits you from afar with a +6 halberd!
You block the gnoll's attack. You block the wight's attack.
You spin and attack the gnoll sergeant.
You closely miss the gnoll sergeant.
The gnoll sergeant is almost dead.
You spin and attack the wight.
You barely miss the wight.
The wight is heavily damaged.
You feel sick.
The gnoll sergeant hits you with a +0 trident of venom!
You are lethally poisoned!
The wight hits you from afar with a +6 halberd!
* * * LOW HITPOINT WARNING * * *
The gnoll hits you but does no damage. The wight barely misses you.
You spin and attack the gnoll sergeant.
The gnoll sergeant blocks your attack.
The gnoll sergeant is almost dead.
* * * LOW HITPOINT WARNING * * *
You feel extremely sick.
The gnoll sergeant hits you but does no damage.
You are more poisoned.
The wight attacks as you move away! The wight hits you with a +0 flail.
* * * LOW HITPOINT WARNING * * *
x2 You feel extremely sick.
The gnoll sergeant closely misses you.
You die...

#...<.....## # ## #..........###
### .. ..#..###♣...♣......####.##
#..#....####............#....
..##.##......##.#.#............
..#..........†.....#.).........
..........##......)#.......))).
...........(..........##...)...
.............@...#..######)..)
#...............#...## ##..)
####.#.#..z..........####.... ###
##..###.gg............#....
##...#..†###z..........#........
.........#......................
...#####....)....#...###.........
... ##....##.##.....###.......
.....###..#.##...###.#. #.......


You could see a gnoll sergeant, 2 wights and a gnoll.

Vanquished Creatures
  A wraith (D:7)
  A wyvern (D:7)
  3 steam dragons
  Duvessa (D:6)
  A water moccasin (D:5)
  2 orc warriors
  An ice beast (D:5)
  Pargi (Sewer)
  3 ogres
  3 centaurs
  3 phantoms
  2 kobold brigands (D:7)
  4 bullfrogs
  2 gnoll sergeants
  4 scorpions
  4 wights
  Dowan (D:6)
  5 killer bees
  5 howler monkeys
  A gnoll bouda (D:8)
  2 orc priests (D:7)
  3 hounds
  4 jellies
  A sleepcap (D:5)
  2 orc wizards (D:6)
  7 iguanas
  24 gnolls
  7 adders
  A shadow imp (D:5)
  4 white imps
  3 worms
  A dart slug (D:1)
  15 orcs
  5 bats
  7 endoplasms
  6 giant cockroaches
  6 goblins
  3 hobgoblins
  6 jackals
  A quokka (D:1)
  12 ball pythons
  2 frilled lizards
  15 kobolds
  3 rats
  A spectral goblin (D:3)
189 creatures vanquished.

Vanquished Creatures (others)
  An orc wizard (D:7)
  A gnoll (D:8)
  7 plants (D:6)
9 creatures vanquished.

Grand Total: 198 creatures vanquished

Notes
Turn   | Place    | Note
-------+----------+-------------------------------------------
     0 | D:1      | jimonade the Formicid Fighter began the quest for the Orb.
     0 | D:1      | Reached XP level 1. HP: 18/18 MP: 1/1
   191 | D:1      | Reached XP level 2. HP: 20/24 MP: 2/2
   487 | D:1      | Reached XP level 3. HP: 29/29 MP: 3/3
   888 | D:2      | Found Plog's Weapon Shoppe.
  1112 | D:1      | Reached XP level 4. HP: 12/35 MP: 4/4
  1542 | D:2      | Reached skill level 1 in Dodging
  1696 | D:3      | Reached skill level 3 in Staves
  1877 | D:3      | Reached XP level 5. HP: 41/41 MP: 5/5
  2091 | D:3      | Found a faded altar of an unknown god.
  2353 | D:4      | Noticed a bullfrog
  2359 | D:4      | Killed a bullfrog
  2375 | D:4      | Reached skill level 4 in Staves
  2375 | D:4      | Reached XP level 6. HP: 48/48 MP: 6/6
  2381 | D:4      | Found a sparkling altar of Nemelex Xobeh.
  2415 | D:4      | Found a glowing drain.
  2425 | Sewer    | Entered a sewer
  2436 | Sewer    | Reached skill level 5 in Shields
  2487 | Sewer    | Noticed Pargi
  2515 | Sewer    | Killed Pargi
  2994 | D:4      | You fall into a shaft and drop 2 floors!
  3006 | D:6      | Noticed Duvessa
  3006 | D:6      | Noticed Dowan
  3021 | D:6      | Killed Duvessa
  3022 | D:6      | Reached XP level 7. HP: 30/55 MP: 7/7
  3028 | D:6      | Killed Dowan
  3029 | D:6      | Reached skill level 5 in Staves
  3172 | D:5      | Entered Level 5 of the Dungeon
  3172 | D:5      | Found an iron altar of Okawaru.
  3177 | D:5      | Found a runed translucent door.
  3180 | D:5      | Noticed leafyfresh's ghost (weakling GnDe)
  3356 | D:5      | Reached skill level 5 in Armour
  3463 | D:5      | Noticed a steam dragon
  3488 | D:5      | Killed a steam dragon
  3489 | D:5      | Reached XP level 8. HP: 40/61 MP: 8/8
  3621 | D:5      | Reached skill level 5 in Fighting
  3621 | D:5      | Reached skill level 6 in Staves
  3940 | D:5      | Found a runed translucent door.
  4055 | D:4      | Reached skill level 1 in Stealth
  4876 | D:5      | Reached skill level 7 in Staves
  4898 | D:5      | Reached XP level 9. HP: 50/68 MP: 9/9
  5338 | D:5      | Found a sacrificial altar of Ru.
  5622 | D:6      | Found a hazy altar of Hepliaklqana.
  5666 | D:6      | Reached skill level 8 in Staves
  5932 | D:6      | Found a glowing silver altar of Zin.
  6080 | D:6      | Found a staircase to the Ecumenical Temple.
  6089 | Temple   | Entered the Ecumenical Temple
  6119 | Temple   | Became a worshipper of the Wu Jian Council
  6373 | D:7      | Reached skill level 9 in Staves
  6606 | D:7      | Found a hide-covered altar of Uskayaw.
  6634 | D:7      | Reached XP level 10. HP: 68/77 MP: 0/10
  7021 | D:7      | Reached * piety under Wu Jian
  7069 | D:7      | Found a shimmering altar of Xom.
  7725 | D:7      | Found a shimmering blue altar of Sif Muna.
  8294 | D:8      | Reached skill level 1 in Ranged Weapons
  8460 | D:8      | Reached skill level 10 in Staves
  8502 | D:8      | Succumbed to a gnoll sergeant's poison

Illustrated notes

Levels and vault maps discovered:
D:1:      mushboom_english_gardens, layout_basic, minivault_19, minmay_bisected
D:2:      layout_basic, serial_shops, shop
D:3:      layout_rooms, dreamdust_ecumenical_altar_drowned_temple,
          grunt_ministairs_15
D:4:      layout_loops_corners, mainiacjoe_overflow_paths,
          cheibrodos_sewer_entry_sluice
D:5:      minmay_opposing_rooms, layout_gridville, nicolae_ru_path_of_blood,
          okawaru_metal_pillars_3, ebering_ghost_sewer_f
D:6:      layout_basic, nicolae_hepliaklqana_hazy_memory,
          mainiacjoe_overflow_alcove_4, lemuel_temple_firewalk_b, uniq_duvessa
D:7:      layout_loops_ring, tgw_sif, mainiacjoe_overflow_surrounded_room,
          nicolae_overflow_crystal_walls, st_stairs_10,
          hangedman_abyss_or_decor_stagger, amethyst_killhole,
          minmay_quadrilaterals
D:8:      layout_cave_pools, minmay_misc_feat_enclosed, grunt_ministairs_1
Temple:   hellmonk_temple_of_storms

Skill      XL: |  1  2  3  4  5  6  7  8  9 10 |
---------------+-------------------------------+-----
Dodging        | 1 2 3 |  3.1
Armour         | 4 5 6 7 |  7.8
Staves         | 3 4 5 7 9 10 | 10.0
Fighting       | 4 5 6 7 |  7.3
Shields        | 5 6 7 |  7.5
Stealth        | 1 |  1.6
Ranged Weapons | 1 |  1.3
Throwing       | |  0.1
Unarmed Combat | |  0.8

Action                     |  1- 3 |  4- 6 |  7- 9 | 10-12 || total
---------------------------+-------+-------+-------+-------++-------
  Melee: Quarterstaff      |    65 |   152 |   357 |   290 ||   864
         Unarmed           |       |       |     2 |    11 ||    13
   Fire: Shortbow          |       |       |       |    11 ||    11
  Throw: Dart              |       |     3 |       |       ||     3
Ability: Dig               |       |       |     1 |       ||     1
         Lunge             |       |       |     1 |    20 ||    21
         Whirlwind         |       |       |       |   123 ||   123
    Use: Scroll            |       |     7 |     2 |     3 ||    12
         Potion            |       |       |       |     1 ||     1
 Armour: Scale mail        |    34 |    98 |    62 |       ||   194
         Leather armour    |       |       |     3 |       ||     3
         Chain mail        |       |       |   122 |   125 ||   247
  Dodge: Dodged            |    30 |    83 |   127 |    86 ||   326
  Block: Buckler           |    21 |    46 |    80 |    80 ||   227
